 Dungeon Crawl Stone Soup version 0.22.1-1-ga44c0e56f4 (webtiles) character file.

480349 Morbidden the Executioner (level 26, -1/313 HPs)
             Began as a Formicid Fighter on Oct 9, 2018.
             Was the Champion of Okawaru.
             Engulfed by Xtahua's flame (7 damage)
             ... on level 5 of the Depths on Oct 10, 2018.
             The game lasted 02:57:07 (54050 turns).

Morbidden the Executioner (Formicid Fighter)       Turns: 54050, Time: 02:57:07

Health: -1/313     AC: 29    Str: 37    XL:     26   Next: 39%
Magic:  1/10       EV:  2    Int: 16    God:    Okawaru [******]
Gold:   4454       SH: 33    Dex: 10    Spells: 25/25 levels left

rFire    + . .     SeeInvis .   Y - +7 executioner's axe "Vegubu" {antimagic, Int+7}
rCold    + + .     Gourm    .   S - +2 large shield {rC+}
rNeg     + + +     Faith    .   (armour currently unavailable)
rPois    +         Spirit   .   (helmet unavailable)
rElec    +         Reflect  +   (cloak currently unavailable)
rCorr    +         Harm     .   (gloves currently unavailable)
MR       +++..                  (boots currently unavailable)
Stlth    +.........             C - +5 amulet of reflection
HPRegen  0.62/turn              T - ring of Omimei {+Fly rElec MR+}
MPRegen  0.12/turn              h - ring of Robustness {AC+8}

@: mighty, tree-form (expiring), resistant, corroded, very slightly
contaminated, studying Throwing, invisible (expiring)
A: permanent stasis, dig shafts and tunnels, four strong arms
}: 1/15 runes: barnacled
a: Heroism, Finesse, Renounce Religion


You were on level 5 of the Depths.
You worshipped Okawaru.
Okawaru was exalted by your worship.
You were hungry.
You were a tree.
You visited 9 branches of the dungeon, and saw 44 of its levels.
You also visited: Sewer, Ice Cave, Wizlab and Desolation.

You collected 5240 gold pieces.
You spent 786 gold pieces at shops.

Inventory:

Hand Weapons
 Y - the +7 executioner's axe "Vegubu" (weapon) {antimagic, Int+7}
   (You acquired it in a wizard's laboratory)

   It reduces the magical energy of the wielder, and disrupts the spells and
   magical abilities of those hit.
   Natural abilities and divine invocations are not affected.
   It affects your intelligence (+7).
Missiles
 k - 15 javelins of penetration
 u - 50 poisoned javelins (quivered)
 w - 8 javelins of returning
 K - 7 throwing nets
 Q - 7 steel javelins
Armour
 b - a scarf of cloud immunity
 o - a +9 crystal plate armour of cold resistance (melded)
 q - a scarf of resistance (melded)
 v - a +1 pair of gloves of archery (melded)
 S - a +2 large shield of cold resistance (worn)
 V - a +2 pair of boots of running (melded)
Jewellery
 c - a +4 ring of evasion
 h - the ring of Robustness (right branch) {AC+8}
   (You found it on level 4 of the Depths)

   [ring of protection]

   It affects your AC (+8).
 C - a +5 amulet of reflection (around neck)
 T - the ring of Omimei (left branch) {+Fly rElec MR+}
   (You found it on level 12 of the Dungeon)

   [ring of flight]

   It insulates you from electricity.
   It affects your resistance to hostile enchantments.
   It lets you fly.
Wands
 j - a wand of paralysis (91)
 m - a wand of clouds (12)
 n - a wand of polymorph (15)
 B - a wand of iceblast (51)
 I - a wand of disintegration (46)
 M - a wand of digging (11)
 P - a wand of acid (11)
 R - a wand of flame (64)
Scrolls
 i - 10 scrolls of fog
 l - 9 scrolls of magic mapping
 p - 4 scrolls of fear
 r - 5 scrolls of holy word
 s - 9 scrolls of identify
 y - 18 scrolls of remove curse
 z - 13 scrolls of enchant weapon
 A - 8 scrolls of summoning
 J - 4 scrolls of silence
 U - a scroll of brand weapon
Potions
 d - 5 potions of might
 e - 13 potions of flight
 x - 7 potions of curing
 D - 2 potions of agility
 E - 3 potions of lignification
 F - a potion of cancellation
 G - 2 potions of ambrosia
 H - a potion of invisibility
 L - 2 potions of mutation
Books
 W - a manual of Throwing
Miscellaneous
 a - a lamp of fire
 f - a lightning rod (4/4)
 N - 3 boxes of beasts
 O - 3 phantom mirrors
 X - a phial of floods
Comestibles
 t - 29 rations


   Skills:
 + Level 17.5 Fighting
 - Level 26.0 Axes
 + Level 8.4 Throwing
 + Level 11.6 Armour
 * Level 12.2 Dodging
 + Level 21.5 Shields
 * Level 10.6 Invocations
 + Level 3.9 Evocations


You had 25 spell levels left.
You didn't know any spells.
Your spell library contained the following spells:

 Spells                   Type           Power        Failure   Level  Hunger
 Animate Skeleton         Necr           N/A          26%         1    ##.....
 Apportation              Tloc           #.....       26%         1    ##.....
 Beastly Appendage        Tmut           #.....       26%         1    ##.....
 Confusing Touch          Hex            #.....       26%         1    ##.....
 Pain                     Necr           #...         26%         1    ##.....
 Sandblast                Erth           #.....       26%         1    ##.....
 Shock                    Conj/Air       #...         26%         1    ##.....
 Summon Small Mammal      Summ           #...         26%         1    ##.....
 Call Imp                 Summ           #.......     36%         2    ###....
 Ensorcelled Hibernation  Hex/Ice        #.....       36%         2    ###....
 Poisonous Vapours        Pois/Air       #.....       36%         2    ###....
 Sticks to Snakes         Tmut           #.......     36%         2    ###....
 Sublimation of Blood     Necr           #.........   36%         2    ###....
 Swiftness                Chrm/Air       #.......     36%         2    ###....
 Call Canine Familiar     Summ           #.......     58%         3    ####...
 Confuse                  Hex            #.......     58%         3    ####...
 Gell's Gravitas          Tloc           #.........   58%         3    ####...
 Ignite Poison            Fire/Tmut/Pois #.......     58%         3    ####...
 Ozocubu's Armour         Chrm/Ice       #.......     58%         3    ####...
 Portal Projectile        Hex/Tloc       #.....       58%         3    ####...
 Recall                   Summ/Tloc      N/A          58%         3    ####...
 Regeneration             Chrm/Necr      #.........   58%         3    ####...
 Spider Form              Tmut/Pois      #.........   58%         3    ####...
 Static Discharge         Conj/Air       #.......     58%         3    ####...
 Stone Arrow              Conj/Erth      #.....       58%         3    ####...
 Summon Guardian Golem    Hex/Summ       #.......     58%         3    ####...
 Vampiric Draining        Necr           #.........   58%         3    ####...
 Airstrike                Air            #.........   94%         4    #####..
 Animate Dead             Necr           N/A          94%         4    #####..
 Cause Fear               Hex            #.........   94%         4    #####..
 Force Lance              Conj/Tloc      #.......     94%         4    #####..
 Fulminant Prism          Conj/Hex       #.........   94%         4    #####..
 Ice Form                 Ice/Tmut       #.......     94%         4    #####..
 Leda's Liquefaction      Hex/Erth       #.........   94%         4    #####..
 Petrify                  Tmut/Erth      #.......     94%         4    #####..
 Summon Ice Beast         Ice/Summ       #.......     94%         4    #####..
 Summon Lightning Spire   Summ/Air       #.......     94%         4    #####..
 Alistair's Intoxication  Tmut/Pois      #.......     100%        5    ######.
 Blade Hands              Tmut           #.........   100%        5    ######.
 Borgnjor's Vile Clutch   Necr/Erth      #.........   100%        5    ######.
 Fireball                 Conj/Fire      #.........   100%        5    ######.
 Irradiate                Conj/Tmut      #.........   100%        5    ######.
 Lee's Rapid Deconstruct  Erth           #.........   100%        5    ######.
 Lightning Bolt           Conj/Air       #.........   100%        5    ######.
 Metabolic Englaciation   Hex/Ice        #.........   100%        5    ######.
 Silence                  Hex/Air        #.........   100%        5    ######.
 Yara's Violent Unravell  Hex/Tmut       #.........   100%        5    ######.
 Bolt of Fire             Conj/Fire      #.........   100%        6    #######
 Darkness                 Hex            #.........   100%        6    #######
 Death Channel            Necr           #.........   100%        6    #######
 Deflect Missiles         Chrm/Air       #.........   100%        6    #######
 Dispersal                Tloc           #.........   100%        6    #######
 Iron Shot                Conj/Erth      #.........   100%        6    #######
 Shadow Creatures         Summ           N/A          100%        6    #######
 Simulacrum               Ice/Necr       #.........   100%        6    #######
 Statue Form              Tmut/Erth      #........    100%        6    #######
 Ring of Flames           Chrm/Fire      #.........   100%        7    #######
 Spellforged Servitor     Conj/Summ      #.........   100%        7    #######
 Summon Hydra             Summ           #.........   100%        7    #######
 Discord                  Hex            #.........   100%        8    #######
 Disjunction              Tloc           #.........   100%        8    #######
 Ignition                 Fire           #.........   100%        8    #######
 Controlled Blink         Tloc           Unusable     N/A         8    N/A

Dungeon Overview and Level Annotations

Branches:
Dungeon (15/15)            Temple (1/1) D:7            Lair (6/6) D:8
 Shoals (4/4) Lair:3        Snake (4/4) Lair:4        Slime (0/5) Lair:6
    Orc (2/2) D:12            Elf (3/3) Orc:2        Vaults (4/5) D:13
  Crypt (0/3) Vaults:3     Depths (5/5) D:15
    Zot: Depths:5

Altars:
Ashenzari
Cheibriados
Dithmenos
Elyvilon
Fedhas
Gozag
Hepliaklqana
Kikubaaqudgha
Makhleb
Nemelex Xobeh
Okawaru
Qazlal
Ru
Sif Muna
Trog
Uskayaw
Vehumet
Wu Jian
Xom
Yredelemnul
Zin
The Shining One
Beogh
Jiyva

Shops:
D:10 %   Orc:2 %=[*   Snake:3 %[[((   Vaults:3 *   Depths:1 :?[*

Portals:
Hell: Depths:1 Depths:2 Depths:3 Depths:4
Abyss: Depths:1 Depths:4
Pandemonium: Depths:3
Ziggurat: Depths:5

Annotations:
D:7 3 runed doors, xpt754's ghost, novice MiFi
Lair:5 exclusion: oklob plant
Snake:4 1 runed door, Dickchan's ghost, adept MiBe
Depths:5 Xtahua


Innate Abilities, Weirdness & Mutations

You cannot be hasted, slowed, berserked, paralysed or teleported.
You can dig through walls and to a lower floor.
Your four strong arms can wield two-handed weapons with a shield.
((You have a pair of large antennae on your head. (SInv)))


Message History

The caustic shrike claws you.
* * * LOW HITPOINT WARNING * * *
You are splashed with acid!
The acid burns!
You resist.
* * * LOW HITPOINT WARNING * * *
Unknown command.
Unknown command.
Okay, then.
Unknown command.
As you read the scroll of fear, it crumbles to dust.
You assume a fearsome visage.
The eye of draining looks frightened!
The great orb of eyes resists with almost no effort.
The eye of devastation looks frightened!
The floating eye looks frightened!
Xtahua resists with almost no effort.
The great orb of eyes easily resists.
The spriggan berserker resists with almost no effort.
The caustic shrike easily resists.
The caustic shrike resists with some effort.
The salamander mystic looks frightened!
The salamander looks frightened!
You resist.
You die...

....§ ... #...<.
... #...... ....
##i.#$$.. .....
##.#####..
.....##..#..G#..
.......D##G∩.##.
....G.b)♣#GG.#..
......Nb)#####..
......†)((.#/.#.
..........(.(##
.........N..##
....)<.....##
.$.........#
...........#
...........#


You could see Xtahua, 2 caustic shrikes, 2 great orbs of eyes, a salamander
mystic (fleeing), a salamander (fleeing), an eye of devastation (fleeing), a
spriggan berserker, an eye of draining (fleeing) and a floating eye (fleeing).

Vanquished Creatures
  An ancient lich (Depths:3)
  Vashnia (Snake:2)
  3 caustic shrikes (Depths:5)
  Saint Roka (Snake:2)
  Nikola (Snake:2)
  5 liches
  An electric golem (WizLab)
  A titan (Depths:4)
  2 deep elf blademasters (Elf:3)
  A sphinx (Vaults:3)
  Gastronok (Orc:1)
  Kirke (Elf:1)
  2 tengu reavers
  3 shadow dragons
  Roxanne (Elf:1)
  3 fire giants
  2 imperial myrmidons (Desolation)
  10 frost giants
  5 vault wardens
  Louise (Snake:1)
  3 deep elf sorcerers (Elf:3)
  2 deep elf elementalists (Elf:3)
  6 ironheart preservers
  2 spriggan defenders (Depths:4)
  A reaper (IceCv)
  16 very ugly things
  2 vampire knights
  4 war gargoyles (WizLab)
  A caustic shrike skeleton (Depths:4)
  7 deep elf demonologists
  12 stone giants
  3 deep elf annihilators
  A spark wasp (Depths:4)
  A dire elephant (Lair:6)
  A halazid warlock (Desolation)
  9 ettins
  4 merfolk javelineers
  7 deep elf death magi
  2 eidola
  9 merfolk impalers
  6 fire dragons
  5 deep elf high priests
  8 yaktaur captains
  5 crystal guardians
  Josephine (D:12)
  6 ragged hierophants (Desolation)
  11 great orbs of eyes
  9 ice dragons
  9 peacekeepers (Desolation)
  5 vault guards
  3 rakshasas
  2 catoblepae
  13 servants of whispers (Desolation)
  7 centaur warriors
  5 hydras
  9 naga warriors
  4 spriggan air magi
  An anaconda (shapeshifter) (Vaults:4)
  2 merfolk aquamancers
  4 merfolk avatars
  4 anacondas
  10 two-headed ogres
  31 dancing weapons
  2 death knights (Vaults:3)
  3 ogre magi
  3 alligator snapping turtles
  5 deep troll shamans
  6 deep troll earth magi
  11 naga sharpshooters
  3 tengu warriors
  A titan zombie (Depths:4)
  3 death yaks (Lair:6)
  Nergalle (Lair:2)
  6 spriggan berserkers
  3 vampire magi
  3 orc high priests (Orc:2)
  3 shock serpents
  14 deep elf knights
  2 iron golems (WizLab)
  4 hell knights (Depths:4)
  3 iron trolls
  3 shadow wraiths (Depths:3)
  3 skeletal warriors
  10 sea snakes
  6 unseen horrors
  A golden dragon zombie (Depths:1)
  15 deep trolls
  6 glowing orange brains
  A death drake (Depths:3)
  6 naga ritualists
  14 deep elf archers
  A spectral hydra (Depths:3)
  7 flayed ghosts
  A phantasmal warrior (Vaults:4)
  A tengu zombie (Depths:2)
  10 wizards
  7 necromancers
  18 orc knights
  2 orange crystal statues (Depths:3)
  A wolf spider zombie (D:15)
  18 ironbrand convokers
  A sphinx zombie (Depths:4)
  A wolf spider (Vaults:3)
  10 orc sorcerers
  26 ugly things
  28 harpies
  A fire giant zombie (Vaults:4)
  12 manticores
  8 fauns
  38 deep elf magi
  13 salamanders
  A shadow dragon skeleton (Depths:1)
  18 mana vipers
  8 cyclopes
  19 naga magi
  6 guardian serpents
  24 black mambas
  5 merfolk sirens (Shoals:4)
  An iron dragon skeleton (Vaults:4)
  A guardian serpent (shapeshifter) (D:14)
  2 ice statues (IceCv)
  Maurice (Orc:2)
  3 water nymphs
  A molten gargoyle (Desolation)
  8 vault sentinels
  23 elephants
  4 gargoyles
  2 rime drakes
  A spriggan zombie (Depths:2)
  11 spiny frogs
  12 yaktaurs
  A spectral merfolk (Depths:3)
  6 ice devils (IceCv)
  A redback zombie (D:14)
  7 komodo dragons
  5 tengu conjurers
  A human skeleton (Vaults:2)
  8 polar bears
  5 freezing wraiths
  A yaktaur skeleton (Vaults:4)
  A polar bear (shapeshifter) (Depths:3)
  A wind drake (shapeshifter) (Depths:1)
  5 wind drakes
  A troll (shapeshifter) (Vaults:3)
  11 trolls
  11 hornets
  A blink frog (shapeshifter) (Depths:2)
  A wolf spider simulacrum (D:15)
  A harpy skeleton (D:15)
  72 saltlings (Desolation)
  43 slime creatures
  4 blink frogs (Lair:1)
  24 merfolk
  An elf zombie (Depths:4)
  A hornet (shapeshifter) (Depths:2)
  2 frost giant simulacra
  A raiju (Depths:3)
  A dream sheep (shapeshifter) (Depths:1)
  7 snapping turtles
  18 dream sheep
  An ettin zombie (Vaults:2)
  9 hippogriffs
  24 water elementals
  7 shadows
  A redback (shapeshifter) (D:15)
  3 spriggans
  An ettin skeleton (Vaults:2)
  A tarantella (shapeshifter) (Depths:1)
  A centaur simulacrum (D:15)
  2 vampires
  10 wraiths
  2 wyverns
  37 yaks
  A yak (shapeshifter) (Elf:3)
  4 basilisks
  3 fire elementals
  2 steam dragons
  Grum (D:9)
  4 hungry ghosts
  3 vampire mosquitoes (D:13)
  10 wargs
  Edmund (D:6)
  A soldier ant (D:12)
  An acid dragon (Vaults:2)
  An acid dragon (shapeshifter) (Vaults:4)
  2 hydra simulacra (Depths:3)
  7 hell hounds (Depths:3)
  38 nagas
  3 spectral trolls (Depths:3)
  Duvessa (D:6)
  11 water moccasins
  2 porcupines
  Purgy (D:4)
  4 floating eyes
  43 orc warriors
  5 spectral spriggans (Depths:3)
  3 sky beasts
  3 ice beasts
  2 spriggan simulacra
  An ettin simulacrum (Vaults:2)
  A hornet zombie (D:10)
  A necrophage (D:9)
  2 black bears
  2 phantoms
  5 large abominations (Depths:4)
  17 ogres
  11 boggarts
  11 wolves
  11 crocodiles
  8 centaurs
  5 big kobolds
  25 bullfrogs
  7 small abominations (Depths:4)
  A glowing shapeshifter simulacrum (Vaults:3)
  2 merfolk simulacra (Depths:3)
  Dowan (D:6)
  12 earth elementals
  7 scorpions
  A wyvern skeleton (D:11)
  3 spectral nagas (Depths:3)
  A spectral ogre (Depths:3)
  11 killer bees
  2 human simulacra
  15 wights
  An electric eel (D:9)
  2 spectral centaurs (Depths:3)
  A howler monkey (D:7)
  8 crimson imps
  4 centaur zombies
  3 bullfrog zombies
  2 hounds
  5 jellies
  A quasit (D:6)
  18 orc priests
  3 bullfrog skeletons
  An iron imp (Depths:2)
  26 orc wizards
  4 centaur skeletons
  An iguana (D:8)
  Jessica (D:3)
  Ijyb (D:4)
  Natasha (thrice) (D:4)
  Terence (D:3)
  15 worker ants
  A hound zombie (D:11)
  3 hound skeletons
  2 worker ant zombies (D:9)
  11 adders
  4 gnolls (D:5)
  A river rat (Sewer)
  2 shadow imps
  24 white imps
  4 ufetubi (IceCv)
  5 oozes (D:8)
  2 adder zombies
  3 adder skeletons
  5 worms
  2 dart slugs
  3 leopard geckos
  80 orcs
  8 bats
  7 giant cockroaches
  11 goblins
  3 hobgoblins
  12 jackals
  18 kobolds
  A quokka (D:3)
  6 ball pythons
  A ball python skeleton (D:4)
  7 frilled lizards
  A leopard gecko skeleton (D:6)
  5 rats
  8 fungi
  8 plants
1805 creatures vanquished.

Vanquished Creatures (collateral kills)
  A fire dragon (Vaults:1)
  A hell knight (Depths:4)
  An acid dragon (Vaults:2)
  An orc warrior (Snake:2)
  An orc priest (Snake:2)
5 creatures vanquished.

Vanquished Creatures (others)
  2 deep elf master archers (Elf:3)
  A frost giant (Depths:5)
  3 stone giants
  Nessos (D:14)
  A naga warrior (Snake:2)
  2 centaur warriors
  An anaconda (Snake:2)
  2 dancing weapons (Elf:1)
  2 satyrs (Shoals:4)
  2 naga sharpshooters (Snake:2)
  4 deep elf knights
  An unseen horror (shapeshifter) (Vaults:3)
  5 deep elf archers (Elf:1)
  A mana viper (Snake:3)
  An orc knight (Orc:1)
  5 cyclopes
  4 fauns
  A manticore (Shoals:4)
  A black mamba (Snake:2)
  9 yaktaurs
  A merfolk (Shoals:2)
  8 centaurs
  An orc wizard (Snake:2)
  5 ufetubi (IceCv)
  6 fungi
  22 plants
92 creatures vanquished.

Grand Total: 1902 creatures vanquished

Notes
Turn   | Place    | Note
-------+----------+-------------------------------------------
     0 | D:1      | Morbidden the Formicid Fighter began the quest for the Orb.
     0 | D:1      | Reached XP level 1. HP: 18/18 MP: 1/1
   107 | D:1      | Reached XP level 2. HP: 24/24 MP: 2/2
   215 | D:1      | Reached skill level 3 in Axes
   226 | D:1      | Reached XP level 3. HP: 27/29 MP: 3/3
   870 | D:2      | Reached skill level 4 in Axes
   870 | D:2      | Reached XP level 4. HP: 28/35 MP: 4/4
  1497 | D:3      | Noticed Jessica
  1505 | D:3      | Killed Jessica
  1505 | D:3      | Reached XP level 5. HP: 27/41 MP: 5/5
  1638 | D:3      | Noticed Terence
  1654 | D:3      | Killed Terence
  1954 | D:3      | Noticed a hungry ghost
  2000 | D:3      | Killed a hungry ghost
  2000 | D:3      | Reached skill level 5 in Axes
  2000 | D:3      | Reached XP level 6. HP: 36/47 MP: 6/6
  2552 | D:4      | Found a blossoming altar of Fedhas.
  2553 | D:4      | Noticed Purgy
  2572 | D:4      | Killed Purgy
  2572 | D:4      | Reached skill level 1 in Dodging
  2572 | D:4      | Reached XP level 7. HP: 47/53 MP: 7/7
  2627 | D:4      | Reached skill level 5 in Shields
  2640 | D:4      | Noticed Ijyb
  2648 | D:4      | Reached skill level 6 in Axes
  2690 | D:4      | Killed Ijyb
  2759 | D:4      | Found a glowing drain.
  2768 | Sewer    | Entered a sewer
  3146 | Sewer    | Reached XP level 8. HP: 55/60 MP: 8/8
  3493 | D:4      | Noticed Natasha
  3501 | D:4      | Killed Natasha
  3501 | D:4      | Reached skill level 7 in Axes
  3731 | D:4      | Noticed Natasha
  3735 | D:4      | Killed Natasha
  3826 | D:4      | Noticed Natasha
  3839 | D:4      | Killed Natasha
  3882 | D:5      | Entered Level 5 of the Dungeon
  4022 | D:5      | Found a shattered altar of Ashenzari.
  4265 | D:5      | Found a bloodstained altar of Trog.
  4706 | D:6      | Reached skill level 8 in Axes
  4717 | D:6      | Found a glowing golden altar of the Shining One.
  4753 | D:6      | Reached XP level 9. HP: 55/66 MP: 9/9
  4945 | D:6      | Found a snail-covered altar of Cheibriados.
  4961 | D:6      | Noticed Duvessa
  4963 | D:6      | Noticed Dowan
  4970 | D:6      | Killed Duvessa
  4975 | D:6      | Killed Dowan
  5016 | D:6      | Found an opulent altar of Gozag.
  5046 | D:6      | Noticed Edmund
  5059 | D:6      | Killed Edmund
  5059 | D:6      | Reached skill level 9 in Axes
  5630 | D:7      | Reached skill level 5 in Armour
  5657 | D:7      | Reached skill level 5 in Fighting
  6240 | D:7      | Reached skill level 10 in Axes
  6240 | D:7      | Reached XP level 10. HP: 74/74 MP: 10/10
  6346 | D:7      | Found a runed gate.
  6346 | D:7      | Found a runed gate.
  6347 | D:7      | Found a runed gate.
  6353 | D:7      | Noticed xpt754's ghost (novice MiFi)
  6444 | D:7      | Found a staircase to the Ecumenical Temple.
  6626 | Temple   | Entered the Ecumenical Temple
  6743 | Temple   | Became a worshipper of Warmaster Okawaru
  6863 | D:8      | Found an ancient bone altar of Kikubaaqudgha.
  6936 | D:8      | Reached skill level 1 in Invocations
  7136 | D:8      | Noticed a two-headed ogre
  7146 | D:8      | You fall through a shaft for 3 floors!
  7505 | D:10     | Entered Level 10 of the Dungeon
  7523 | D:10     | Reached * piety under Okawaru
  7751 | D:10     | Reached ** piety under Okawaru
  7751 | D:10     | Reached skill level 11 in Axes
  8130 | D:10     | Found Basegil's Food Emporium.
  8141 | D:10     | Reached XP level 11. HP: 78/81 MP: 10/13
  8145 | D:10     | Noticed a two-headed ogre
  8161 | D:10     | Killed a two-headed ogre
  8161 | D:10     | Reached *** piety under Okawaru
  8211 | D:10     | Reached skill level 10 in Shields
  8287 | D:10     | Reached skill level 5 in Invocations
  8485 | D:10     | Reached skill level 12 in Axes
  9369 | D:9      | Noticed Grum
  9371 | D:9      | Reached **** piety under Okawaru
  9385 | D:9      | Killed Grum
  9875 | D:8      | Found a staircase to the Lair.
  9955 | D:8      | Killed a two-headed ogre
 10539 | D:11     | Received a gift from Okawaru
 10592 | D:11     | Noticed an unseen horror
 10595 | D:11     | Noticed an unseen horror
 10603 | D:11     | Killed an unseen horror
 10603 | D:11     | Reached ***** piety under Okawaru
 10603 | D:11     | Reached XP level 12. HP: 32/88 MP: 16/16
 10621 | D:11     | Killed an unseen horror
 11068 | D:11     | Reached skill level 13 in Axes
 11751 | D:12     | Noticed a four-headed hydra
 11753 | D:12     | Killed a four-headed hydra
 11937 | D:12     | Received a gift from Okawaru
 11992 | D:12     | Got a slimy bone ring
 12003 | D:12     | Identified the ring of Omimei {+Fly rElec MR+} (You found
                  | it on level 12 of the Dungeon)
 12117 | D:12     | Noticed Josephine
 12137 | D:12     | Killed Josephine
 12137 | D:12     | Reached skill level 14 in Axes
 12533 | D:12     | Found a staircase to the Orcish Mines.
 12910 | D:12     | Reached XP level 13. HP: 77/96 MP: 18/18
 13496 | Lair:1   | Entered Level 1 of the Lair of Beasts
 13598 | Lair:1   | Found a frozen archway.
 13667 | IceCv    | Entered an ice cave
 14137 | IceCv    | Reached skill level 15 in Axes
 14239 | IceCv    | Noticed a reaper
 14253 | IceCv    | Killed a reaper
 14708 | Lair:1   | Reached ****** piety under Okawaru
 15146 | Lair:2   | Received a gift from Okawaru
 15214 | Lair:2   | Noticed Nergalle
 15226 | Lair:2   | Killed Nergalle
 15566 | Lair:2   | Found a burning altar of Makhleb.
 15852 | Lair:3   | Noticed a seven-headed hydra
 15863 | Lair:3   | Killed a two-headed hydra
 15892 | Lair:3   | Reached skill level 16 in Axes
 16048 | Lair:3   | Reached XP level 14. HP: 101/106 MP: 19/19
 16225 | Lair:3   | Found a staircase to the Shoals.
 16955 | Lair:4   | Received a gift from Okawaru
 17043 | Lair:4   | Found a staircase to the Snake Pit.
 17494 | Lair:5   | Reached skill level 17 in Axes
 17716 | Lair:5   | You fall through a shaft!
 17716 | Lair:6   | Entered Level 6 of the Lair of Beasts
 18056 | Lair:6   | Noticed a dire elephant
 18065 | Lair:6   | Killed a dire elephant
 18113 | Lair:6   | Received a gift from Okawaru
 18617 | Lair:6   | Received a gift from Okawaru
 18624 | Lair:6   | Reached XP level 15. HP: 93/114 MP: 20/20
 19023 | Lair:6   | Found a viscous altar of Jiyva.
 19023 | Lair:6   | Found a staircase to the Slime Pits.
 19258 | Lair:6   | Reached skill level 18 in Axes
 20168 | D:13     | Found a gate to the Vaults.
 20745 | D:14     | Reached skill level 10 in Fighting
 20872 | D:14     | Noticed Nessos
 20884 | D:14     | Killed Nessos
 21338 | D:15     | Entered Level 15 of the Dungeon
 21391 | D:15     | Received a gift from Okawaru
 21422 | D:15     | Found a staircase to the Depths.
 21733 | D:15     | Reached XP level 16. HP: 112/123 MP: 21/21
 21808 | D:15     | Reached skill level 19 in Axes
 22204 | Orc:1    | Entered Level 1 of the Orcish Mines
 22336 | Orc:2    | Entered Level 2 of the Orcish Mines
 22373 | Orc:2    | Noticed Maurice
 22383 | Orc:2    | Found a staircase to the Elven Halls.
 22387 | Orc:2    | Killed Maurice
 22528 | Orc:1    | Noticed Gastronok
 22545 | Orc:1    | Killed Gastronok
 22757 | Orc:1    | Found a roughly hewn altar of Beogh.
 22800 | Orc:1    | Reached skill level 15 in Shields
 23261 | Orc:2    | Found Izanoic's Food Emporium.
 23739 | Orc:2    | Received a gift from Okawaru
 23764 | Orc:2    | Found Tikiv's Antique Armour Boutique.
 23770 | Orc:2    | Found Voguhaz's General Store.
 23772 | Orc:2    | Found Miseutre's Jewellery Emporium.
 23951 | Elf:1    | Entered Level 1 of the Elven Halls
 24032 | Elf:1    | Reached skill level 1 in Evocations
 24064 | Elf:1    | Found a magical portal.
 24088 | WizLab   | Entered Doroklohe's Tomb
 24355 | WizLab   | Noticed an electric golem
 24386 | WizLab   | Killed an electric golem
 24925 | WizLab   | Reached skill level 20 in Axes
 25224 | WizLab   | Got a brightly glowing executioner's axe
 25226 | WizLab   | Identified the +7 executioner's axe "Vegubu" {antimagic,
                  | Int+7} (You acquired it in a wizard's laboratory)
 25292 | Elf:1    | Reached XP level 17. HP: 100/131 MP: 6/22
 26255 | Elf:1    | Reached skill level 1 in Throwing
 26305 | Elf:1    | Noticed Kirke
 26329 | Elf:1    | Noticed a sphinx
 26755 | Shoals:1 | Entered Level 1 of the Shoals
 26809 | Shoals:1 | Received a gift from Okawaru
 28597 | Shoals:2 | Received a gift from Okawaru
 29249 | Shoals:3 | Reached skill level 21 in Axes
 29671 | Shoals:4 | Entered Level 4 of the Shoals
 29675 | Shoals:4 | Reached XP level 18. HP: 140/140 MP: 7/23
 31290 | Shoals:4 | Got a barnacled rune of Zot
 31410 | Shoals:4 | Received a gift from Okawaru
 31497 | Shoals:4 | Got a fine bone ring
 31529 | Shoals:4 | Identified the ring "Sathapru" {rC- rN+ Str+3 Int+3 Dex+4
                  | Stlth-} (You found it on level 4 of the Shoals)
 31853 | Snake:1  | Entered Level 1 of the Snake Pit
 31868 | Snake:1  | Reached skill level 5 in Dodging
 32045 | Snake:1  | Received a gift from Okawaru
 32091 | Snake:1  | Received a gift from Okawaru
 32414 | Snake:1  | Reached skill level 22 in Axes
 32419 | Snake:1  | Reached XP level 19. HP: 110/147 MP: 8/24
 32679 | Snake:1  | Noticed Louise
 32701 | Snake:1  | Killed Louise
 32989 | Snake:1  | You fall through a shaft!
 32989 | Snake:2  | Noticed Saint Roka
 32990 | Snake:2  | Noticed Vashnia
 33162 | Snake:3  | Found Jowk's Weapon Shoppe.
 33571 | Snake:3  | Found Asut's Armour Shop.
 33575 | Snake:3  | Found Dimao's Antique Armour Emporium.
 33667 | Snake:3  | Found Ukit Itruo's Antique Weapon Shop.
 33843 | Snake:3  | Found Xodgharagg's Food Emporium.
 34054 | Snake:3  | Bought a pair of glowing boots for 195 gold pieces
 34054 | Snake:3  | Bought an ichor-stained cloak for 247 gold pieces
 34069 | Snake:3  | Identified a +2 pair of boots of running (You bought it in
                  | a shop on level 3 of the Snake Pit)
 34095 | Snake:3  | Identified the cursed -3 cloak of Ellaer {rC- rN+ Int+8}
                  | (You bought it in a shop on level 3 of the Snake Pit)
 34141 | Snake:2  | Noticed Nikola
 34153 | Snake:2  | Killed Nikola
 34611 | Snake:2  | Reached skill level 10 in Armour
 34614 | Snake:2  | You fall through a shaft!
 35049 | Snake:2  | Received a gift from Okawaru
 35379 | Snake:2  | Killed Vashnia
 35871 | Snake:2  | Killed Saint Roka
 36676 | Snake:4  | Entered Level 4 of the Snake Pit
 36949 | Snake:4  | Found a shimmering altar of Xom.
 36949 | Snake:4  | Noticed Dickchan's ghost (adept MiBe)
 37001 | Snake:4  | Found a runed door.
 37342 | Vaults:1 | Entered Level 1 of the Vaults
 37617 | Vaults:1 | Reached XP level 20. HP: 154/155 MP: 8/25
 37805 | Vaults:1 | Reached skill level 23 in Axes
 37807 | Vaults:1 | Received a gift from Okawaru
 37813 | Vaults:1 | Got a dazzling executioner's axe {god gift}
 37814 | Vaults:1 | Identified the +8 executioner's axe of Defilement {drain,
                  | Str+6 Int-4} (Okawaru gifted it to you on level 1 of the
                  | Vaults)
 39379 | Vaults:2 | Received a gift from Okawaru
 40002 | Vaults:3 | Found Otipn's Assorted Antiques.
 40007 | Vaults:3 | Bought a potion of curing for 99 gold pieces
 40007 | Vaults:3 | Bought a potion of heal wounds for 165 gold pieces
 40069 | Vaults:3 | Found a staircase to the Crypt.
 40121 | Vaults:3 | Found a ruined gateway.
 40153 | Desolati | Entered the Desolation of Salt
 40517 | Desolati | Received a gift from Okawaru
 40519 | Desolati | Reached XP level 21. HP: 142/163 MP: 6/26
 40545 | Desolati | Identified the +9 plate armour of Free Expression {rC- MP+9
                  | Str+5 Int+4} (You found it in the Desolation of Salt)
 40604 | Desolati | Identified the Tome of the Hawk
 40656 | Desolati | Identified the ring of Uqoask {Ice rElec MR+ Int-4} (You
                  | found it in the Desolation of Salt)
 40772 | Desolati | Reached skill level 24 in Axes
 41026 | Desolati | Received a gift from Okawaru
 41282 | Desolati | Got a pitted crystal amulet
 41305 | Desolati | Identified Hyinauc's Disquisition on Creation
 41434 | Desolati | Identified the amulet "Patoimia" {Gourm Int+4} (You took it
                  | off an imperial myrmidon in the Desolation of Salt)
 41716 | Desolati | Got a twitching jade amulet
 41721 | Desolati | Identified the amulet of Hauguapn {RegenMP *Corrode Slay+5}
                  | (You found it in the Desolation of Salt)
 42667 | Vaults:3 | Received a gift from Okawaru
 43093 | Vaults:4 | Reached XP level 22. HP: 169/172 MP: 9/27
 43121 | Vaults:4 | Received a gift from Okawaru
 43136 | Vaults:4 | Reached skill level 25 in Axes
 44416 | Elf:1    | Killed Kirke
 44553 | Elf:1    | Found a deep blue altar of Sif Muna.
 44712 | Elf:1    | Noticed Roxanne
 44729 | Elf:1    | Killed Roxanne
 44730 | Elf:1    | Identified Roxanne's Collected Works on the Rocks (You took
                  | it off Roxanne on level 1 of the Elven Halls)
 44809 | Elf:1    | Received a gift from Okawaru
 45385 | Elf:2    | Found a runed gate.
 45385 | Elf:2    | Found a runed gate.
 45386 | Elf:2    | Found a runed gate.
 46192 | Elf:3    | Entered Level 3 of the Elven Halls
 46669 | Elf:3    | Reached skill level 10 in Dodging
 46930 | Elf:3    | Reached XP level 23. HP: 112/179 MP: 9/28
 47526 | Elf:3    | Got a steaming golden amulet
 47653 | Elf:3    | Identified the amulet of Amaicruuze {rElec Regen+ Int+3
                  | Dex-2 SInv} (You took it off a deep elf sorcerer on level 3
                  | of the Elven Halls)
 47842 | Elf:3    | Received a gift from Okawaru
 47864 | Elf:3    | Got a crude brass ring
 47910 | Elf:3    | Got a translucent lead ring
 47917 | Elf:3    | Identified the ring of the Omega Point {+Fly rElec Str-2
                  | Dex+3} (You found it on level 3 of the Elven Halls)
 47920 | Elf:3    | Identified the ring "Teabb" {*Tele rC++ MR- Dex+6} (You
                  | took it off a deep elf sorcerer on level 3 of the Elven
                  | Halls)
 47933 | Elf:3    | Got a faintly glowing amber ring
 47941 | Elf:3    | Identified the ring of Umumaarioth {rN+ Str+4} (You found
                  | it on level 3 of the Elven Halls)
 48283 | Depths:1 | Entered Level 1 of the Depths
 48283 | Depths:1 | Found a gateway to Hell.
 48319 | Depths:1 | Reached skill level 26 in Axes
 48367 | Depths:1 | Reached skill level 15 in Fighting
 48506 | Depths:1 | Found a one-way gate to the infinite horrors of the Abyss.
 48689 | Depths:1 | Found Enliti's Antique Armour Shop.
 48691 | Depths:1 | Found Ziobbaydak's Assorted Antiques.
 48693 | Depths:1 | Found Qeashroli's Book Shop.
 48693 | Depths:1 | Found Viaca's Magic Scroll Shop.
 48706 | Depths:1 | Bought a scroll of magic mapping for 80 gold pieces
 48870 | Depths:1 | Found the amulet of the Air {Inacc +Fly rElec EV+5 RMsl}
 48882 | Depths:1 | Received a gift from Okawaru
 49203 | Depths:2 | Received a gift from Okawaru
 49315 | Depths:2 | Reached XP level 24. HP: 132/191 MP: 9/29
 50248 | Depths:3 | Received a gift from Okawaru
 50943 | Depths:3 | Received a gift from Okawaru
 50970 | Depths:3 | Noticed an ancient lich
 50982 | Depths:3 | Killed an ancient lich
 51451 | Depths:3 | Found a one-way gate leading to the halls of Pandemonium.
 52148 | Depths:3 | Reached XP level 25. HP: 179/200 MP: 4/30
 53109 | Depths:3 | Reached skill level 10 in Invocations
 53109 | Depths:3 | Reached XP level 26. HP: 77/208 MP: 10/30
 53418 | Depths:4 | Received a gift from Okawaru
 53650 | Depths:4 | Found the ring of Robustness {AC+8}
 53927 | Depths:4 | Identified the Tome of the Fetching Birds
 53983 | Depths:5 | Entered Level 5 of the Depths
 53983 | Depths:5 | Found a gateway to a ziggurat.
 54013 | Depths:5 | Noticed Xtahua
 54047 | Depths:5 | HP: 9/313 [Xtahua] (9)]
 54050 | Depths:5 | Engulfed by Xtahua's flame

Skill      XL: |  1  2  3  4  5  6  7  8  9 10 11 12 13 14 15 16 17 18 19 20 21 22 23 24 25 26 |
---------------+-------------------------------------------------------------------------------+-----
Axes           | 3 4 5 6 8 10 11 12 14 16 17 18 20 21 22 23 24 25 26 | 26.0
Shields        | 4 5 6 8 9 10 11 12 13 14 15 16 17 18 19 20 21 | 21.5
Armour         | 4 5 6 7 8 9 10 11 | 11.6
Dodging        | 1 2 3 5 6 7 8 10 11 12 | 12.2
Fighting       | 4 5 6 7 8 9 10 11 12 13 14 15 16 17 | 17.5
Invocations    | 3 6 7 8 9 10 | 10.6
Evocations     | 1 2 3 |  3.9
Throwing       | 1 2 3 7 8 |  8.4

Action                   |  1- 3 |  4- 6 |  7- 9 | 10-12 | 13-15 | 16-18 | 19-21 | 22-24 | 25-27 || total
-------------------------+-------+-------+-------+-------+-------+-------+-------+-------+-------++-------
Melee: War axe           |    71 |   193 |   450 |   652 |       |       |       |       |       ||  1366
       Unarmed           |       |       |    22 |       |       |       |       |       |       ||    22
       Battleaxe         |       |       |       |   199 |   978 |   423 |       |       |       ||  1600
       Executioner's axe |       |       |       |       |       |   767 |  1081 |  1117 |   289 ||  3254
Throw: Javelin           |       |       |       |    15 |    21 |    51 |    44 |    20 |    30 ||   181
Invok: Heroism           |       |       |       |     4 |     6 |    20 |    14 |    10 |     4 ||    58
       Finesse           |       |       |       |       |       |     5 |     4 |       |       ||     9
 Abil: Shaft Self        |       |       |       |     1 |     1 |       |     1 |       |       ||     3
       Dig               |       |       |       |       |       |       |       |    25 |       ||    25
Evoke: Wand              |       |       |       |     8 |       |     5 |     6 |     6 |       ||    25
       Lamp of fire      |       |       |       |       |       |     3 |     1 |     3 |     1 ||     8
       Phial of floods   |       |       |       |       |       |     1 |     3 |     2 |     1 ||     7
       Box of beasts     |       |       |       |       |       |       |     2 |       |       ||     2
       Lightning rod     |       |       |       |       |       |       |       |       |     3 ||     3
  Use: Scroll            |     3 |     4 |     8 |     1 |    15 |    14 |     7 |     3 |     4 ||    59
       Potion            |       |     1 |     6 |     4 |     4 |     6 |     6 |     6 |     9 ||    42
 Stab: Petrified         |       |       |       |       |     5 |       |       |       |       ||     5
       Distracted        |       |       |       |       |       |       |       |     2 |       ||     2
       Invisible         |       |       |       |       |       |       |       |       |     2 ||     2
  Eat: Chunk             |       |     3 |     9 |    18 |    16 |    17 |    15 |    15 |     1 ||    94
       Ration            |       |     3 |     2 |     1 |     5 |     6 |     5 |     8 |     1 ||    31
Armor: Scale mail        |    29 |    80 |   123 |       |       |       |       |       |       ||   232
       Chain mail        |       |       |       |    59 |    36 |       |       |       |       ||    95
       Plate armour      |       |       |       |    95 |       |       |       |       |       ||    95
       Skin              |       |       |       |    14 |       |    12 |     2 |       |    25 ||    53
       Crystal plate arm |       |       |       |       |   270 |   404 |   205 |   215 |    70 ||  1164
Dodge: Dodged            |    28 |    36 |    73 |    83 |   110 |   139 |   122 |   167 |    41 ||   799
Block: Shield            |    29 |       |       |       |    78 |       |       |       |       ||   107
       Large shield      |    12 |   170 |   426 |   843 |   982 |  1504 |  1136 |  1101 |   327 ||  6501
       Reflection        |       |       |     4 |    10 |    40 |   213 |   161 |   108 |    10 ||   546
